 Dungeon Crawl Stone Soup version 0.27.1-3-gb3d3a73c9e (webtiles) character file.

Game seed: 15961283355250153283

247609 ABBCCCDDDD the Severer (level 19, 0/182 HPs)
             Began as a Deep Dwarf Delver on Oct 24, 2021.
             Was the Champion of Makhleb.
             Splashed by a tengu reaver's acid (4 damage)
             ... led by Sojobo
             ... on level 2 of the Vaults on Oct 25, 2021.
             The game lasted 01:51:30 (30360 turns).

ABBCCCDDDD the Severer (Deep Dwarf Delver)         Turns: 30360, Time: 01:51:30

Health: 0/182      AC: 18    Str: 24    XL:     19   Next: 23%
Magic:  1/1        EV: 15    Int: 17    God:    Makhleb [******]
Gold:   1558       SH: 13    Dex: 16    Spells: 34/34 levels left

rFire    x . .     SeeInvis +   X - +9 broad axe (drain)
rCold    + . .     Faith    .   C - +0 buckler of Proximity {Will+ Dex+2}
rNeg     + . .     Spirit   .   t - +2 chain mail {Will+}
rPois    +         Reflect  +   (no helmet)
rElec    .         Harm     .   Q - +2 cloak {Stlth+}
rCorr    .         Rampage  .   p - +0 pair of gloves
Will     ++++.                  E - +1 pair of boots
Stlth    ++........             H - amulet of reflection
HPRegen  0.00/turn              b - ring of see invisible
MPRegen  0.07/turn              R - ring "Cauptile" {Ice rPois Int+4}

@: corroded
A: damage resistance, heal wounds, negative energy resistance 1, sense
surroundings 3, no regeneration, strong 1
}: 1/15 runes: gossamer
a: Heal Wounds, Renounce Religion, Minor Destruction, Lesser Servant of Makhleb,
Major Destruction, Greater Servant of Makhleb


You were on level 2 of the Vaults.
You worshipped Makhleb.
Makhleb was exalted by your worship.
You visited 8 branches of the dungeon, and saw 33 of its levels.
You also visited: Sewer and Ice Cave.

You collected 3472 gold pieces.
You spent 1914 gold pieces at shops.

Inventory:

Hand Weapons
 X - a +9 broad axe of draining (weapon)
Missiles
 a - 124 poisoned darts (quivered)
 G - 4 throwing nets
Armour
 h - a +3 ring mail of fire resistance
 n - the +2 ring mail of Fohaugorr {rN++}
   (You found it on level 4 of the Dungeon)

   rN:        It greatly protects you from negative energy.
 o - a +0 helmet of intelligence
 p - a +0 pair of gloves (worn)
 t - a +2 chain mail of willpower (worn)
 v - a +2 tower shield of cold resistance
 C - the +0 buckler of Proximity (worn) {Will+ Dex+2}
   (You bought it in a shop on level 2 of the Orcish Mines)

   Dex:       It affects your dexterity (+2).
   Will:      It increases your willpower.
 E - a +1 pair of boots (worn)
 Q - a +2 cloak of stealth (worn)
Jewellery
 b - a ring of see invisible (left hand)
 H - an amulet of reflection (around neck)
 J - a ring of protection from fire
 K - a +6 ring of intelligence
 N - a ring of protection from cold
 O - a ring of positive energy
 R - the ring "Cauptile" (right hand) {Ice rPois Int+4}
   (You took it off a reaper in an ice cave)

   [ring of ice]

   It enhances your ice magic.
   Int:       It affects your intelligence (+4).
   rF:        It makes you vulnerable to fire.
   rC:        It protects you from cold.
   rPois:     It protects you from poison.
 S - a ring of flight
 V - a ring of fire
Wands
 g - a wand of digging (20)
 y - a wand of polymorph (7)
 B - a wand of flame (1)
 I - a wand of mindburst (19)
 Y - a wand of paralysis (5)
Scrolls
 d - 6 scrolls of magic mapping
 e - a scroll of teleportation
 l - 5 scrolls of enchant armour
 q - 2 scrolls of identify
 s - a scroll of torment
 u - 2 scrolls of amnesia
 D - a scroll of holy word
 L - a scroll of summoning
 T - 4 scrolls of vulnerability
Potions
 c - 2 potions of lignification
 f - 5 potions of haste
 i - 4 potions of invisibility
 j - 4 potions of curing
 k - 2 potions of brilliance
 m - 12 potions of flight
 r - 3 potions of mutation
 w - 2 potions of heal wounds
 x - 4 potions of berserk rage {unknown}
 z - 5 potions of attraction
 F - 4 potions of might
 P - 3 potions of magic
Miscellaneous
 A - a tin of tremorstones (inert)
 M - a condenser vane (inert)


   Skills:
 - Level 14.0 Fighting
 - Level 18.0 Axes
 - Level 13.2 Armour
 - Level 13.2 Dodging
 - Level 10.0 Stealth
 + Level 15.7 Shields
 + Level 8.0 Spellcasting
 - Level 13.3 Invocations
 - Level 13.3 Evocations


You had 34 spell levels left.
You didn't know any spells.
Your spell library contained the following spells:

 Spells                   Type           Power      Damage    Failure   Level
 Sting                    Tmut/Pois      24%        1d4       43%         1
 Poisonous Vapours        Pois/Air       12%        N/A       56%         2
 Slow                     Hex            6%         N/A       56%         2
 Static Discharge         Conj/Air       6%         N/A       56%         2
 Confusing Touch          Hex            6%         N/A       80%         3
 Conjure Flame            Conj/Fire      6%         6-21      80%         3
 Dazzling Flash           Conj/Hex       12%        N/A       80%         3
 Ozocubu's Armour         Ice            10%        N/A       80%         3
 Stone Arrow              Conj/Erth      12%        3d7       80%         3
 Summon Guardian Golem    Hex/Summ       6%         N/A       80%         3
 Animate Dead             Necr           3%         N/A       99%         4
 Iskenderun's Mystic Bla  Conj/Tloc      6%         2d4       99%         4
 Olgreb's Toxic Radiance  Pois           6%         N/A       99%         4
 Passage of Golubria      Tloc           N/A        N/A       99%         4
 Petrify                  Tmut/Erth      6%         N/A       99%         4
 Sticky Flame             Conj/Fire      6%         2d3       99%         4
 Bolt of Magma            Conj/Fire/Erth 3%         4d5       100%        5
 Borgnjor's Vile Clutch   Necr/Erth      3%         N/A       100%        5
 Fireball                 Conj/Fire      3%         3d4       100%        5
 Lightning Bolt           Conj/Air       3%         1d14      100%        5
 Metabolic Englaciation   Hex/Ice        5%         N/A       100%        5
 Silence                  Hex/Air        3%         N/A       100%        5
 Yara's Violent Unravell  Hex/Tmut       3%         3d4       100%        5
 Death Channel            Necr           3%         N/A       100%        6
 Starburst                Conj/Fire      3%         6d3       100%        6
 Statue Form              Tmut/Erth      4%         N/A       100%        6
 Orb of Destruction       Conj           3%         9d1       100%        7
 Ozocubu's Refrigeration  Ice            5%         4d6       100%        7
 Spellforged Servitor     Conj/Summ      3%         N/A       100%        7
 Lehudib's Crystal Spear  Conj/Erth      3%         10d2      100%        8
 Maxwell's Capacitive Co  Air            3%         ∞         100%        8
 Shatter                  Erth           3%         3d7*      100%        9


Dungeon Overview and Level Annotations

Branches:
Dungeon (15/15)            Temple (1/1) D:5            Lair (6/6) D:11
 Shoals (2/4) Lair:2       Spider (4/4) Lair:4        Slime (0/5) Lair:5
    Orc (2/2) D:12            Elf (0/3) Orc:2        Vaults (2/5) D:14
  Crypt (0/3) Vaults:2     Depths (1/5) D:15          Sewer (visited)
  IceCv (visited)

Altars:
Ashenzari
Cheibriados
Dithmenos
Elyvilon
Fedhas
Gozag
Hepliaklqana
Kikubaaqudgha
Makhleb
Nemelex Xobeh
Okawaru
Qazlal
Ru
Sif Muna
Trog
Uskayaw
Vehumet
Wu Jian
Xom
Yredelemnul
Zin
The Shining One
Beogh
Jiyva

Shops:
D:4 *   D:15 (   Orc:1 *   Orc:2 [[(*=   Shoals:1 *   Vaults:1 *

Annotations:
D:12 exclusion: boulder beetle
D:13 exclusion: boulder beetle
Lair:2 exclusions: boulder beetle, hydra and oklob plant
Lair:3 exclusion: hydra
Shoals:1 Jorgrun; Louise
Spider:3 1 runed translucent door, Crownlay's ghost, adept MiBe


Innate Abilities, Weirdness & Mutations

You are resistant to damage.
You can heal yourself by infusing magical energy.
You resist negative energy. (rN+)
You passively map a large area around you.
You do not regenerate.
Your muscles are strong. (Str +2)


Message History

The tengu reaver barely misses you.
There is an open door here.
You slice the tengu reaver!!
The tengu reaver is moderately wounded.
You miss the tengu reaver. You slash the red ugly thing!
The tengu reaver gestures at you while chanting.
The bolt of fire misses you.
The tengu reaver hits you with a +0 great mace.
* * * LOW HITPOINT WARNING * * *
The tengu reaver pecks you but does no damage.
You block the tengu reaver's attack. You block the red ugly thing's attack.
You closely miss the tengu reaver.
The tengu reaver is moderately wounded.
You closely miss the red ugly thing. You barely miss the tengu reaver.
The tengu reaver points at you and mumbles some strange words.
The bolt of fire misses you.
The tengu reaver gestures at you while chanting.
The bolt of cold misses you. The red ugly thing misses you.
You slash the tengu reaver! You drain the tengu reaver.
The tengu reaver is heavily wounded.
You slice the tengu reaver!! You drain the tengu reaver.
You barely miss the red ugly thing.
The tengu reaver hits you but does no damage.
The tengu reaver completely misses you. The tengu reaver barely misses you.
You slash the tengu reaver! You drain the tengu reaver.
The tengu reaver is severely wounded.
You miss the tengu reaver. You slash the red ugly thing!
You drain the red ugly thing. You block the red ugly thing's attack.
The tengu reaver barely misses you. You block the tengu reaver's attack.
The tengu reaver claws you!
* * * LOW HITPOINT WARNING * * *
You completely miss the tengu reaver.
The tengu reaver is severely wounded.
You slice the red ugly thing!! You hit the tengu reaver.
You drain the tengu reaver.
The tengu reaver gestures at you while chanting.
The bolt of acid hits you!!
* * * LOW HITPOINT WARNING * * *
The acid corrodes you!
You are splashed with acid!
You die...

......)[....# ,
............# * , ,
######'###### , *
#...# , ,,, *
##..###########+####
***
##.#...............
, #.'.#..#.[.......#
,
##.#...............
, ,
#..########@###+###
* #### ##.##
#uQQu.....# #...
##..## #u#.....#.#
#.## #....#
#.........# #.#.
##..## # ###+#####
#.#. ##.## * #..#
#..# #.## #.## *
#... #.# #...


You could see 2 tengu reavers and 3 ugly things.

Levels and vault maps discovered:
D:1:      lemuel_arrival_funnel, layout_basic,
          hellmonk_ecumenical_altar_arch_garden, minmay_pentomino_t2
D:2:      layout_basic, chequers_garden
D:3:      layout_loops_ring, nicolae_overflow_hidden_temple, marbit_many_paths,
          mainiacjoe_overflow_cross_hatched
D:4:      layout_loops_cross, portal_sewer_entry_d, serial_shops,
          nicolae_shop_overgrown_old_shop, gammafunk_ghost_split,
          minmay_close_crescents, uniq_menkaure
D:5:      minmay_skewed_foursquare, layout_basic,
          nicolae_dithmenos_the_darkroom, general_overflow_altar,
          hangedman_decor_clover_reticule, minmay_misc_feat_rugged
D:6:      layout_rooms, corexii_leaking_fountain, kennysheep_donut
D:7:      layout_loops_ring, corexii_hall_statues_x
D:8:      layout_rooms, minmay_misc_feat_doors, grunt_potential
D:9:      layout_grid_maze, lemuel_doored_altar, kennysheep_small_circle
D:10:     layout_irregular_city
D:11:     layout_cave_pods, david_lair_shrubbed, serial_glass, glass_columns_a,
          glass_columns_c, glass_columns_b, glass_columns_a, uniq_erica
D:12:     layout_loops_corners, hiddenorc1_lemuel,
          hangedman_abyss_or_decor_stabs, kennysheep_cross_room
D:13:     layout_rooms
D:14:     minmay_the_grid_square_5x5_5x5 [minmay_the_grid_square_5x5_hourglass,
          minmay_the_grid_square_5x5_tri_point, minmay_the_grid_square_5x5_meh,
          minmay_the_grid_square_5x5_beaten_path, minmay_the_grid_square_5x5_c,
          minmay_the_grid_square_5x5_three_walls,
          minmay_the_grid_square_5x5_prize_rear_guard,
          minmay_the_grid_square_5x5_detours,
          minmay_the_grid_square_5x5_prize_open,
          minmay_the_grid_square_5x5_inner_v,
          minmay_the_grid_square_5x5_three_small,
          minmay_the_grid_square_5x5_tetrominoes,
          minmay_the_grid_square_5x5_prize_gold,
          minmay_the_grid_square_5x5_bridge, minmay_the_grid_square_5x5_slash,
          minmay_the_grid_square_5x5_two_walls_b,
          minmay_the_grid_square_5x5_prize_monsterx,
          minmay_the_grid_square_5x5_minivault,
          minmay_the_grid_square_5x5_prize_open,
          minmay_the_grid_square_5x5_eight, minmay_the_grid_square_5x5_two,
          minmay_the_grid_square_5x5_dogpile,
          minmay_the_grid_square_5x5_gyroscope, minmay_the_grid_square_5x5_v,
          minmay_the_grid_square_5x5_six_small], layout_stronghold,
          david_vaults_4, minmay_misc_feat_x, minmay_door_square,
          ashenzari_altar_1, uniq_azrael
D:15:     grunt_enter_depths_snipers, layout_rooms, serial_shops,
          nicolae_lakefront_shop
Temple:   regret_index_temple_sphere_string
Lair:1:   layout_regular_city, infiniplex_staircase_pool_2, uniq_gastronok,
          uniq_fannar
Lair:2:   layout_small_grid, minmay_shoals_entry_centaurs,
          minmay_lair_oklob_chamber
Lair:3:   minmay_lair_venomous_thicket, layout_gridlike, grunt_megastairs_3
Lair:4:   layout_cave_pods, dummy_spider_entry, minivault_24,
          lemuel_fruit_fields, uniq_rupert
Lair:5:   layout_regular_city, minmay_slime_entry_jelly_boxes,
          gammafunk_ghost_ooze, st_stairs_11, minivault_23,
          chequers_serial_rivers_small_3, serial_bayou_shore_b, uniq_josephine
Lair:6:   gammafunk_lair_ancient_temple, layout_cave_shapes, disabler_island,
          lemuel_fruit_fields
Shoals:1: layout_shoals, minmay_shop_mayhem, uniq_louise, uniq_jorgrun
Shoals:2: cheibrodos_shoals_epimethial_gifts, layout_shoals,
          nicolae_take_the_stairs, nicolae_shoals_cliffside_cave
Spider:1: layout_spider_delve, portal_ice_cave_entry_ice_statue_two,
          nicolae_spider_wall_of_niches
Spider:2: layout_spider_delve
Spider:3: layout_spider_delve, ebering_ghost_inner_flame,
          nicolae_spider_circle_web
Spider:4: spider_rune_water
Orc:1:    layout_caves, serial_shops, shop, elves_outpost_lemuel
Orc:2:    st_orc_town, layout_caves, serial_shops, shop, basic_altar
Vaults:1: nicolae_vaults_gold_heap, dpeg_vaults_pockets_of_resistance,
          nicolae_vaults_little_squares_6, nicolae_vaults_network_s,
          nicolae_vaults_big_ls, ontoclasm_vaults_decontamination,
          vaults_room_fancy_cross, ontoclasm_vaults_idyll,
          nicolae_vaults_network_square, nicolae_vaults_little_squares_1,
          v_misc_13, hangedman_vaults_cutoff, vaults_dpeg_ring,
          layout_vaults_ring, serial_shops, shop
Vaults:2: vaults_room_boxed, hangedman_vaults_stream, ontoclasm_vaults_twist,
          v_misc_19, v_alt_pattern_4, hangedman_vaults_hat,
          vaults_room_stairs_pillars, minmay_crypt_entry_simple_round,
          nicolae_vaults_what_the_h, ontoclasm_vaults_ligature,
          vaults_standard_mumra_x, v_misc_27, nicolae_vaults_little_squares_6,
          v_misc_16, vaults_mumra_lcd, layout_vaults_omnibox, uniq_sojobo
Depths:1: layout_forbidden_donut, minmay_misc_feat_tiny, lightli_too_deep,
          serial_sigils_hangedman_stare, hangedman_glass_teeth,
          chequers_serial_rivers_marsh, minislime_mu, minmay_shoptagon

Notes
Turn   | Place    | Note
-------+----------+-------------------------------------------
     0 | D:5      | ABBCCCDDDD the Deep Dwarf Delver began the quest for the
                  | Orb.
     0 | D:5      | Reached XP level 1. HP: 20/20 MP: 1/1
    41 | D:5      | Noticed a phantom
   283 | D:4      | Reached skill level 3 in Axes
   283 | D:4      | Reached XP level 2. HP: 27/27 MP: 2/2
   283 | D:4      | Found a glowing drain.
   292 | Sewer    | Entered a sewer
   556 | Sewer    | Reached XP level 3. HP: 25/34 MP: 3/3
   865 | D:4      | Identified the +2 ring mail of Fohaugorr {rN++}
   916 | D:3      | Reached skill level 1 in Armour
   976 | D:3      | Found a white marble altar of Elyvilon.
  1063 | D:1      | Reached XP level 4. HP: 25/42 MP: 4/4
  1089 | D:1      | Reached skill level 4 in Axes
  1246 | D:1      | Found a faded altar of an unknown god.
  1763 | D:2      | Got the Incunabulum of the Grue
  2181 | D:2      | Reached XP level 5. HP: 38/49 MP: 5/5
  2294 | D:3      | Found an ornate altar of the Wu Jian Council.
  2406 | D:3      | Found a snail-covered altar of Cheibriados.
  2961 | D:4      | Found a runed translucent gate.
  2964 | D:4      | Found a runed translucent gate.
  2965 | D:4      | Found a runed translucent gate.
  2966 | D:4      | Noticed a sky beast
  2968 | D:4      | Noticed 15bullets's ghost (amateur KoAK)
  2984 | D:4      | Reached skill level 5 in Axes
  3128 | D:4      | Noticed Menkaure
  3137 | D:4      | Killed Menkaure
  3138 | D:4      | Reached XP level 6. HP: 28/56 MP: 6/6
  3245 | D:4      | Found Huul's Assorted Antiques.
  3268 | D:4      | Reached skill level 6 in Axes
  3541 | D:5      | Identified a scroll of acquirement
  3542 | D:5      | Acquired a manual of Fighting
  3620 | D:5      | Reached XP level 7. HP: 44/62 MP: 7/7
  3631 | D:5      | Reached skill level 7 in Axes
  3781 | D:5      | Reached skill level 8 in Axes
  3851 | D:5      | Found a staircase to the Ecumenical Temple.
  3860 | Temple   | Entered the Ecumenical Temple
  3970 | Temple   | Became a worshipper of Makhleb the Destroyer
  4022 | D:5      | Found a stormy altar of Qazlal.
  4050 | D:5      | Found a shadowy altar of Dithmenos.
  4114 | D:5      | Reached XP level 8. HP: 50/69 MP: 8/8
  4817 | D:7      | Reached skill level 9 in Axes
  4817 | D:7      | Reached skill level 5 in Armour
  4817 | D:7      | Reached skill level 5 in Dodging
  4819 | D:7      | Noticed a troll
  4837 | D:7      | Killed a troll
  4937 | D:7      | Reached skill level 5 in Fighting
  4937 | D:7      | Reached skill level 10 in Axes
  5587 | D:8      | Reached * piety under Makhleb
  5593 | D:8      | Gained mutation: You passively map the area around you.
                  | [Deep Dwarf growth]
  5593 | D:8      | Reached XP level 9. HP: 44/81 MP: 9/9
  5799 | D:8      | Noticed a centaur warrior
  5800 | D:8      | Reached skill level 11 in Axes
  5808 | D:8      | Reached ** piety under Makhleb
  5824 | D:8      | Killed a centaur warrior
  5825 | D:8      | Reached skill level 12 in Axes
  5868 | D:8      | Identified the +9 flail "Goku" {speed, rC- rN+++ Str-4
                  | Stlth+}
  6234 | D:9      | Noticed a two-headed ogre
  6246 | D:9      | Killed a two-headed ogre
  6247 | D:9      | Reached skill level 13 in Axes
  6247 | D:9      | Reached XP level 10. HP: 44/91 MP: 9/9
  6358 | D:9      | Found a hazy altar of Hepliaklqana.
  6519 | D:9      | Found an ancient bone altar of Kikubaaqudgha.
  6789 | D:10     | Entered Level 10 of the Dungeon
  6789 | D:10     | Noticed a two-headed ogre
  6968 | D:10     | Reached skill level 1 in Shields
  7094 | D:10     | Reached *** piety under Makhleb
  7489 | D:10     | Killed a two-headed ogre
  7490 | D:10     | Reached skill level 14 in Axes
  7659 | D:11     | Noticed a six-headed hydra
  7785 | D:11     | Noticed a two-headed ogre
  7801 | D:11     | Noticed a purple ugly thing
  8058 | D:6      | Reached XP level 11. HP: 75/108 MP: 10/10
  8553 | D:5      | Reached skill level 10 in Fighting
  8758 | D:11     | Found a staircase to the Lair.
  8805 | Lair:1   | Entered Level 1 of the Lair of Beasts
  8843 | Lair:1   | Reached **** piety under Makhleb
  8933 | Lair:1   | Reached skill level 15 in Axes
  8934 | Lair:1   | Noticed Fannar
  8961 | Lair:1   | Killed Fannar
  9114 | Lair:1   | Noticed Gastronok
  9134 | Lair:1   | Killed Gastronok
  9759 | Lair:2   | Found a staircase to the Shoals.
  9767 | Lair:2   | Reached XP level 12. HP: 59/118 MP: 11/11
  9893 | Lair:2   | HP: 4/118 [komodo dragon (13)]
  9899 | Lair:2   | Reached ***** piety under Makhleb
  9900 | Lair:2   | Reached skill level 16 in Axes
  9986 | Lair:2   | Noticed a seven-headed hydra
 10144 | Lair:2   | Noticed a boulder beetle
 10702 | Lair:3   | Reached skill level 5 in Invocations
 10702 | Lair:3   | Reached skill level 5 in Evocations
 10902 | Lair:3   | Noticed a five-headed hydra
 10916 | Lair:3   | Noticed a seven-headed hydra
 10924 | Lair:4   | Noticed Rupert
 11258 | Lair:4   | Found a hole to the Spider Nest.
 11541 | D:11     | Noticed a two-headed ogre
 11714 | D:12     | Noticed a boulder beetle
 11868 | D:11     | Killed a two-headed ogre
 12725 | D:12     | Found a staircase to the Orcish Mines.
 12747 | Orc:1    | Entered Level 1 of the Orcish Mines
 12777 | Orc:1    | Found Akhoamm's Assorted Antiques.
 12825 | Orc:1    | Bought a spiked helmet for 275 gold pieces
 12825 | Orc:1    | Identified the -1 helmet "Jucef" {Fly Regen+ Str-5 Dex+4}
                  | (You bought it in a shop on level 1 of the Orcish Mines)
 12825 | Orc:1    | Bought a fluorescent wand for 116 gold pieces
 12891 | Orc:2    | Entered Level 2 of the Orcish Mines
 12891 | Orc:2    | Found Paijileast's Weapon Emporium.
 12891 | Orc:2    | Found a staircase to the Elven Halls.
 12944 | Orc:1    | Reached ****** piety under Makhleb
 12966 | Orc:1    | Reached XP level 13. HP: 55/128 MP: 15/15
 13361 | Orc:2    | Found Unlyskinn's General Store.
 13381 | Orc:2    | Found Hekhlemuva's Jewellery Shop.
 13401 | Orc:2    | Bought a ring of see invisible for 150 gold pieces
 13462 | Orc:2    | Found Gofemoal's Armour Emporium.
 13462 | Orc:2    | Found Moduts's Armour Shop.
 13509 | Orc:2    | Bought a +3 ring mail of fire resistance for 338 gold
                  | pieces
 13528 | Orc:2    | Bought the +0 buckler of Proximity {Will+ Dex+2} for 362
                  | gold pieces
 14474 | D:14     | Noticed a fire dragon
 15036 | D:14     | HP: 3/130 [cyan ugly thing (13)]
 15052 | D:15     | Entered Level 15 of the Dungeon
 15182 | D:15     | Reached skill level 10 in Armour
 15182 | D:15     | Reached skill level 10 in Dodging
 15276 | D:15     | Gained mutation: You resist negative energy. (rN+) [Deep
                  | Dwarf growth]
 15276 | D:15     | Reached XP level 14. HP: 39/139 MP: 14/14
 15613 | D:15     | Found Uqay's Antique Weapon Boutique.
 15810 | D:15     | Found a staircase to the Depths.
 15810 | D:15     | Noticed a stone giant
 15815 | D:15     | HP: 7/141 [stone giant (5)]
 15818 | D:15     | HP: 2/141 [stone giant/large rock (26)]
 16656 | Lair:5   | Noticed Josephine
 16741 | Lair:5   | Found a runed translucent gate.
 16741 | Lair:5   | Found a runed translucent gate.
 16741 | Lair:5   | Found a runed translucent gate.
 16784 | Lair:5   | Found a staircase to the Slime Pits.
 16876 | Lair:5   | Found a viscous altar of Jiyva.
 16876 | Lair:5   | Noticed truevaserg's ghost (journeyman DECj)
 16876 | Lair:5   | Noticed a quicksilver ooze
 16894 | Lair:6   | Entered Level 6 of the Lair of Beasts
 17432 | Lair:5   | Killed Josephine
 17440 | Lair:5   | Killed truevaserg's ghost
 17588 | Lair:5   | Identified the +5 halberd "Gomiw" {venom, rElec rC+ rN+
                  | Int-3}
 17834 | Lair:6   | Killed a quicksilver ooze
 17845 | Lair:6   | Reached XP level 15. HP: 100/150 MP: 11/11
 18051 | Lair:6   | Reached skill level 17 in Axes
 18567 | Lair:6   | Found the +7 captain's cutlass {speed, disarm}
 18986 | D:4      | Killed 15bullets's ghost
 19251 | D:4      | Bought a scroll of identify for 40 gold pieces
 19251 | D:4      | Bought a scroll labelled GUWKEFUMIU for 20 gold pieces
 19251 | D:4      | Bought a wand of charming (12) for 40 gold pieces
 19501 | Spider:1 | Entered Level 1 of the Spider Nest
 19589 | Spider:1 | Noticed a ghost moth
 19603 | Spider:1 | Killed a ghost moth
 19701 | Spider:1 | Found a frozen archway.
 19899 | IceCv    | Entered an ice cave
 20407 | IceCv    | Identified the ring "Cauptile" {Ice rPois Int+4}
 20567 | IceCv    | Reached skill level 18 in Axes
 20598 | IceCv    | Reached XP level 16. HP: 60/159 MP: 8/8
 21617 | Spider:3 | Reached skill level 10 in Evocations
 21627 | Spider:3 | Reached skill level 10 in Invocations
 22215 | Spider:3 | Found a runed translucent door.
 22215 | Spider:3 | Noticed Crownlay's ghost (adept MiBe)
 22320 | Spider:4 | Entered Level 4 of the Spider Nest
 22912 | Spider:4 | HP: 6/159 [tarantella (6)]
 22923 | Spider:4 | HP: 5/159 [wolf spider (13)]
 23026 | Spider:4 | Reached skill level 10 in Stealth
 23116 | Spider:4 | Reached skill level 5 in Shields
 23193 | Spider:4 | Reached XP level 17. HP: 64/166 MP: 0/12
 23244 | Spider:4 | Got a gossamer rune of Zot
 23761 | Lair:4   | Killed Rupert
 24298 | Shoals:1 | Entered Level 1 of the Shoals
 25834 | Shoals:1 | Noticed Louise
 25868 | Shoals:1 | Found Guch's Mayhem Merchandise.
 25886 | Shoals:1 | Noticed a kraken
 25945 | Shoals:1 | Noticed Jorgrun
 26142 | Shoals:2 | HP: 6/166 [cyclops (51)]
 26538 | Orc:1    | Bought a scroll of identify for 58 gold pieces
 26538 | Orc:1    | Bought a scroll of identify for 58 gold pieces
 26574 | Orc:2    | Bought 2 potions of curing for 84 gold pieces
 26574 | Orc:2    | Gained mutation: You tend to lose your temper in combat.
                  | [potion of mutation]
 26575 | Orc:2    | Lost mutation: You tend to lose your temper in combat.
                  | [potion of mutation]
 26575 | Orc:2    | Gained mutation: You have a pair of small horns on your
                  | head. [potion of mutation]
 26575 | Orc:2    | Gained mutation: You have an increased reservoir of magic.
                  | (+10% MP) [potion of mutation]
 26576 | Orc:2    | Lost mutation: You have a pair of small horns on your head.
                  | [potion of mutation]
 26576 | Orc:2    | Gained mutation: You are clumsy. (Dex -2) [potion of
                  | mutation]
 26577 | Orc:2    | Lost mutation: You are clumsy. (Dex -2) [potion of
                  | mutation]
 26577 | Orc:2    | Lost mutation: You have an increased reservoir of magic.
                  | (+10% MP) [potion of mutation]
 26577 | Orc:2    | Gained mutation: Your muscles are strong. (Str +2) [potion
                  | of mutation]
 26633 | Orc:1    | Bought a runed chain mail for 217 gold pieces
 26862 | Depths:1 | Entered Level 1 of the Depths
 26949 | D:14     | Reached skill level 1 in Spellcasting
 26954 | D:14     | Found a gate to the Vaults.
 26962 | Vaults:1 | Entered Level 1 of the Vaults
 27110 | Vaults:1 | Found Caraum's Assorted Antiques.
 27114 | Vaults:1 | Bought a short brass wand for 156 gold pieces
 27803 | Vaults:1 | Reached skill level 10 in Shields
 27831 | Vaults:1 | Reached skill level 5 in Spellcasting
 27832 | Vaults:1 | HP: 8/166 [ironbound frostheart (17)]
 27849 | Vaults:1 | Gained mutation: You passively map a large area around you.
                  | [Deep Dwarf growth]
 27849 | Vaults:1 | Reached XP level 18. HP: 77/175 MP: 4/4
 28000 | Vaults:1 | HP: 6/175 [deep troll[an ironbound preserver] (5)]
 29052 | Vaults:2 | Noticed Sojobo
 29062 | Vaults:2 | Killed Sojobo
 29689 | Vaults:2 | Reached XP level 19. HP: 80/182 MP: 5/5
 29939 | Vaults:2 | Reached skill level 15 in Shields
 30039 | Vaults:2 | Found a staircase to the Crypt.
 30089 | Vaults:2 | HP: 9/182 [purple very ugly thing (11)]
 30360 | Vaults:2 | HP: 4/182 [tengu reaver/bolt of acid[Sojobo] (32)]
 30360 | Vaults:2 | Splashed by a tengu reaver's acid

Table legend: (Time is in decaauts)
 A = Elapsed time spent in this place.
 B = Non-inter-level travel time spent in this place.
 C = Inter-level travel time spent in this place.
 D = Time resting spent in this place.
 E = Time spent auto-exploring this place.
 F = Levels seen in this place.
 G = Mean time per level.
                   A        B        C        D        E       F      G
               +--------+--------+--------+--------+--------+-----+--------+
         Total |  29570 |  25856 |   3714 |    951 |  13592 |  35 |  844.9 |
       Dungeon |  13257 |  11049 |   2208 |    145 |   6533 |  15 |  883.8 |
        Temple |    132 |    111 |     21 |      0 |     93 |   1 |  132.0 |
          Lair |   6358 |   5457 |    901 |    264 |   3275 |   6 | 1059.7 |
        Shoals |    518 |    473 |     45 |     12 |      2 |   2 |  259.0 |
   Spider Nest |   3121 |   2894 |    227 |    155 |   1173 |   4 |  780.2 |
  Orcish Mines |   1588 |   1351 |    237 |    100 |    742 |   2 |  794.0 |
        Vaults |   3149 |   3075 |     74 |    214 |   1533 |   2 | 1574.5 |
        Depths |     19 |     19 |      0 |      0 |      0 |   1 |   19.0 |
         Sewer |    687 |    687 |      0 |      0 |    239 |   1 |  687.0 |
      Ice Cave |    736 |    736 |      0 |     60 |      0 |   1 |  736.0 |
               +--------+--------+--------+--------+--------+-----+--------+

Top non-repeatable levels by time:
Vaults:1: 1776 daAuts
  Lair:2: 1548 daAuts
Vaults:2: 1372 daAuts
     D:5: 1367 daAuts
  Lair:5: 1213 daAuts
    D:12: 1166 daAuts
  Lair:4: 1093 daAuts
Spider:4: 1082 daAuts
     D:4: 1029 daAuts
    D:14: 1020 daAuts
     D:7: 984 daAuts
    D:10: 982 daAuts
    D:11: 975 daAuts
  Lair:1: 968 daAuts
    D:15: 922 daAuts

Table legend:
 A = Kills in this place as a percentage of kills in entire the game.
 B = Kills by you in this place as a percentage of kills by you in the entire game.
 C = Kills by friends in this place as a percentage of kills by friends in the entire game.
 D = Other kills in this place as a percentage of other kills in the entire game.
 E = Experience gained in this place as a percentage of experience gained in the entire game.
 F = Experience gained in this place divided by the number of levels of this place that you have seen.
                   A       B       C       D       E      F
               +-------+-------+-------+-------+-------+----------------------
         Total | 100.0 | 100.0 | 100.0 | 100.0 | 100.0 | 11400.7
       Dungeon |  28.3 |  28.6 |   4.0 |  50.0 |  13.8 | 3662.1
          Lair |  18.6 |  19.0 |   8.0 |   0.0 |  17.3 | 11498.0
        Shoals |   2.7 |   2.7 |   8.0 |   0.0 |   3.3 | 6549.5
   Spider Nest |  20.1 |  19.8 |  32.0 |  30.0 |  22.3 | 22227.8
  Orcish Mines |   9.1 |   9.1 |   4.0 |  20.0 |   3.0 | 6078.5
        Vaults |  17.3 |  16.9 |  40.0 |   0.0 |  37.2 | 74136.0
        Depths |   0.1 |   0.0 |   4.0 |   0.0 |   0.1 | 502.0
         Sewer |   1.3 |   1.3 |   0.0 |   0.0 |   0.0 |  26.0
      Ice Cave |   2.6 |   2.7 |   0.0 |   0.0 |   3.0 | 12137.0
               +-------+-------+-------+-------+-------+----------------------

Action                   |  1- 3 |  4- 6 |  7- 9 | 10-12 | 13-15 | 16-18 | 19-21 || total
-------------------------+-------+-------+-------+-------+-------+-------+-------++-------
Melee: Hand axe          |   140 |    94 |       |       |       |       |       ||   234
       War axe           |       |    90 |   204 |   649 |   417 |       |       ||  1360
       Broad axe         |       |       |       |       |  1164 |  1710 |   177 ||  3051
Throw: Dart              |       |       |       |    20 |    19 |    35 |       ||    74
       Throwing net      |       |       |       |     1 |       |       |       ||     1
Invok: Minor Destruction |       |       |       |       |    10 |     1 |       ||    11
       Major Destruction |       |       |       |       |     7 |     2 |       ||     9
       Greater Servant o |       |       |       |       |       |     2 |       ||     2
       Lesser Servant of |       |       |       |       |       |     6 |       ||     6
 Abil: Heal Wounds       |       |     2 |    15 |    11 |    39 |    38 |     7 ||   112
Evoke: Wand              |       |       |       |     3 |    18 |    38 |     1 ||    60
       Condenser vane    |       |       |       |     1 |     4 |     8 |     1 ||    14
       Tin of tremorston |       |       |       |       |       |    11 |     2 ||    13
  Use: Potion            |     1 |       |     1 |     2 |    11 |     9 |     3 ||    27
       Scroll            |       |     2 |     5 |     9 |    15 |    18 |    10 ||    59
 Stab: Sleeping          |     2 |    19 |     1 |     8 |    18 |     7 |       ||    55
       Distracted        |       |     1 |       |     1 |     1 |     5 |       ||     8
       Paralysed         |       |       |       |       |     3 |    27 |       ||    30
       Held in net/web   |       |       |       |       |       |     1 |       ||     1
Armor: Scale mail        |    62 |       |       |       |       |       |       ||    62
       Leather armour    |     1 |       |       |       |       |       |       ||     1
       Ring mail         |    14 |    65 |   123 |   156 |   746 |   631 |       ||  1735
       Chain mail        |       |       |       |       |       |   270 |    72 ||   342
Dodge: Dodged            |    96 |   105 |   173 |   250 |  1070 |  1257 |   100 ||  3051
Block: Buckler           |       |       |       |   111 |   344 |   776 |   118 ||  1349
       Reflection        |       |       |       |       |       |    16 |       ||    16

Vanquished Creatures
  Gastronok (Lair:1)
  An emperor scorpion (Spider:4)
  2 ghost moths
  2 vault wardens
  An orc warlord (Vaults:1)
  A deep elf sorcerer (Vaults:1)
  10 ironbound preservers
  4 very ugly things
  A war gargoyle (Vaults:2)
  3 reapers (IceCv)
  A quicksilver ooze (Lair:6)
  A vampire knight (Vaults:2)
  3 spark wasps
  3 entropy weavers
  2 dire elephants
  The ghost of truevaserg the Thaumaturge, a journeyman DECj of Vehumet (Lair:5)
  An ettin (Vaults:1)
  Josephine (Lair:5)
  5 yaktaur captains (Vaults:1)
  A merfolk impaler (Shoals:2)
  A deep elf high priest (Vaults:1)
  4 ironbound thunderhulks
  3 boulder beetles
  A vault guard (Vaults:2)
  3 hydras
  Fannar (Lair:1)
  15 centaur warriors
  A peacekeeper (Vaults:2)
  2 ogre magi
  2 death knights (Vaults:2)
  2 merfolk avatars
  15 death yaks
  7 ironbound frosthearts
  A merfolk aquamancer (Shoals:2)
  9 two-headed ogres
  4 tengu warriors
  A vampire mage (Vaults:2)
  2 ironbound beastmasters
  4 skeletal warriors (D:14)
  36 deep trolls
  A sea snake (Lair:2)
  7 wizards
  A bog body (IceCv)
  2 orc knights (Vaults:1)
  23 harpies
  13 ironbound convokers
  3 deep elf zephyrmancers (Orc:1)
  34 wolf spiders
  17 orb spiders
  3 lindwurms (Vaults:1)
  2 fauns (Shoals:1)
  2 necromancers
  3 deep elf pyromancers (Orc:1)
  2 stone giant zombies (Vaults:2)
  2 human zombies
  5 manticores
  19 ugly things
  6 orc sorcerers
  6 cyclopes
  5 moths of wrath
  13 vault sentinels
  2 ice statues (Spider:1)
  7 elephants (Lair:6)
  A stone giant skeleton (Vaults:2)
  3 merfolk sirens (Shoals:1)
  6 black mambas
  2 water nymphs (Shoals:2)
  A fire giant skeleton (Vaults:1)
  14 cane toads
  A torpor snail (Spider:3)
  9 freezing wraiths (IceCv)
  A rime drake (shapeshifter) (D:14)
  A kobold demonologist (D:13)
  2 gargoyles
  An unseen horror (D:12)
  9 komodo dragons
  5 rime drakes
  A tengu conjurer (D:10)
  3 entropy weaver simulacra (IceCv)
  4 yaktaurs (Vaults:1)
  12 demonic crawlers
  2 anaconda simulacra (IceCv)
  A golden dragon simulacrum (IceCv)
  4 merfolk
  A polar bear (Lair:6)
  6 meliai
  6 wind drakes
  4 trolls
  30 jumping spiders
  7 hornets
  32 slime creatures
  21 blink frogs
  4 dream sheep (Shoals:2)
  2 snapping turtles
  79 redbacks
  31 tarantellas
  A dire elephant simulacrum (IceCv)
  4 spriggan simulacra (IceCv)
  3 water elementals
  2 shadows (D:12)
  7 wyverns
  An ettin skeleton (Vaults:1)
  3 basilisks
  55 yaks
  5 wraiths
  4 vampire mosquitoes (D:10)
  Menkaure (D:4)
  2 minotaur simulacra (IceCv)
  6 wargs
  An acid dragon (D:10)
  13 water moccasins
  2 ice beasts
  8 orc warriors
  3 sky beasts
  A black bear (shapeshifter) (D:14)
  2 black bears
  An ettin simulacrum (IceCv)
  7 ogres
  9 boggarts
  9 wolves
  13 centaurs
  The ghost of 15bullets the Cutter, an amateur KoAK of Lugonu (D:4)
  2 phantoms (D:5)
  3 kobold brigands
  11 bullfrogs
  A wyvern zombie (D:7)
  2 deep troll simulacra (IceCv)
  A scorpion (D:5)
  A lindwurm simulacrum (IceCv)
  A human simulacrum (Vaults:2)
  3 killer bees (D:6)
  11 howler monkeys
  2 bullfrog zombies
  2 centaur zombies
  A centaur skeleton (D:6)
  10 orc priests
  4 gnoll shamans
  4 hounds
  17 jellies
  3 iguanas
  35 orc wizards
  6 hell rats (Lair:1)
  A killer bee zombie (D:8)
  3 howler monkey zombies
  14 adders
  13 gnolls
  A howler monkey skeleton (D:5)
  A white imp (D:6)
  2 ufetubi (D:5)
  2 worms
  An adder skeleton (D:4)
  2 dart slugs
  78 orcs
  9 ball pythons
  12 bats
  4 endoplasms
  6 giant cockroaches
  8 hobgoblins
  4 jackals (Sewer)
  7 quokkas
  7 frilled lizards
  5 goblins
  19 kobolds
  A quokka skeleton (D:4)
  6 rats
  2 butterflies
1135 creatures vanquished.

Vanquished Creatures (collateral kills)
  Sojobo (Vaults:2)
  Rupert (Lair:4)
  2 ghost moths (Spider:4)
  An ironbound preserver (Vaults:2)
  A stone giant (D:15)
  2 spark wasps (Spider:4)
  2 crystal guardians (Vaults:2)
  An ice dragon (Depths:1)
  A vault guard (Vaults:2)
  A satyr (Shoals:2)
  An ironbound convoker (Vaults:2)
  3 deep trolls (Vaults:2)
  A wizard (Vaults:2)
  A blink frog (Lair:4)
  4 hornets (Spider:4)
  A snapping turtle (Shoals:2)
  A warg (Orc:1)
25 creatures vanquished.

Vanquished Creatures (others)
  A ghost moth (Spider:4)
  A boulder beetle (D:14)
  A deep elf pyromancer (Orc:1)
  2 deep elf zephyrmancers (Orc:1)
  A jumping spider (Spider:4)
  A wind drake (Shoals:1)
  A redback (Spider:4)
  A hornet simulacrum (D:14)
  3 orc wizards
  34 fungi
  117 plants
  4 tentacles (Shoals:1)
167 creatures vanquished.

Grand Total: 1327 creatures vanquished
